Cogmind - Beta 9.3 *** ADVENTURER MODE // 2019.12.28 @ 00:26:46 Player: Tengoo Result: Destroyed by G-47 Trooper with Particle Gun Performance ------------- Evolutions (2) 1000 Regions Visited (3) 600 Robots Destroyed (53) 265 Value Destroyed (1324) 1324 Prototype IDs (4) 80 Alien Tech Used (0) 0 Bonus (0) 0 TOTAL SCORE: 3269 Bonus ------- None Cogmind --------- Core Integrity 0/550 Matter 300/300 Energy 100/100 System Corruption 0% Temperature Cool (9) Movement Core (450) Ox8 Location -8/Materials Parts ------- > --- POWER (2) -------- (None) > --- PROPULSION (3) --- (None) > --- UTILITY (4) ------ Large Storage Unit Advanced Sensor Array Transport Network Coupler Improved Utility Shielding > --- WEAPON (2) ------- Heavy Assault Rifle Chainsword > --- INVENTORY (10) --- Light Nuclear Core Carbon-fiber Leg Carbon-fiber Leg Carbon-fiber Leg Melee Analysis Suite Light Armor Plating EM Pulse Gun Particle Gun Gauss Rifle Chainsword Peak State ------------ > --- POWER ------------ Light Ion Engine Light Ion Engine > --- PROPULSION ------- Gravmag System Gravmag System Gravmag System > --- UTILITY ---------- Large Storage Unit Advanced Sensor Array Transport Network Coupler Improved Utility Shielding > --- WEAPON ----------- Heavy Assault Rifle Chainsword > --- INVENTORY -------- Light Nuclear Core Carbon-fiber Leg Chainsword [Rating: 29] Favorites ----------- Power Ion Engine Engine Ion Engine Power Core Light Nuclear Core Propulsion Aluminum Leg Leg Aluminum Leg Hover Unit Gravmag System Utility Large Storage Unit Device ECM Suite Storage Large Storage Unit Processor Transport Network Coupler Protection Light Armor Plating Weapon EM Pulse Gun Energy Gun EM Pulse Gun Ballistic Gun Assault Rifle Slashing Weapon Mining Claw Build | -11 -10 -9 -8 ------- Run | Scr Mat Mat Mat Slots Evolved 4 | . . 2 2 Power 1 | . . . 1 Propulsion 1 | . . 1 . Utility 2 | . . 1 1 Weapon . | . . . . Parts Attached 59 | 7 9 15 28 Power 10 | 2 1 1 6 Engine 9 | 2 1 1 5 Core 1 | . . . 1 Reactor . | . . . . Propulsion 15 | 2 1 6 6 Treads . | . . . . Leg 12 | 2 1 6 3 Wheel . | . . . . Hover 3 | . . . 3 Flight . | . . . . Utility 11 | 1 3 3 4 Device 2 | . . 1 1 Storage 6 | 1 2 2 1 Processor 1 | . . . 1 Hackware . | . . . . Protection 2 | . 1 . 1 Artifact . | . . . . Weapon 23 | 2 4 5 12 Energy Gun 5 | 2 . . 3 Energy Cannon . | . . . . Ballistic Gun 12 | . 3 3 6 Ballistic Cannon . | . . . . Launcher . | . . . . Special Weapon . | . . . . Impact Weapon . | . . . . Slashing Weapon 6 | . 1 2 3 Piercing Weapon . | . . . . Special Melee Weapon . | . . . . Unidentified Prototypes . | . . . . Parts Lost 27 | . 5 1 21 Power 6 | . 1 . 5 Propulsion 9 | . 1 . 8 Utility 3 | . 1 . 2 Weapon 9 | . 2 1 6 Highest Loss Streak 7 | . 4 1 7 Average Slot Usage (%) 81 | . 87 83 70 Engine 10 | . 10 11 9 Leg 24 | . 27 33 9 Hover 3 | . . . 11 Device 2 | . . 2 5 Storage 13 | . 14 14 10 Protection 3 | . 6 . 2 Energy Gun 6 | . 14 . 1 Ballistic Gun 11 | . 9 15 8 Slashing Weapon 5 | . 3 6 6 Naked Turns . | . . . . Heaviest Build 44 | 13 28 28 44 Greatest Support 35 | 20 20 30 35 Greatest Overweight (x) 8 | . 1 . 8 Average Overweight (x) . | . . . . Largest Inventory Capacity 16 | 6 10 16 16 Average Capacity 8 | 5 8 10 10 Most Carried 10 | 3 3 6 10 Average Carried 2 | . 1 3 4 Final Capacity 10 | 6 10 10 10 Final Carried 10 | 1 2 4 10 Class Distribution -------------------- 72% | Mutant 27% | Scavenger-Mutant Dominant Class ---------------- Mutant | -10/Materials Scavenger-Mutant | -9/Materials Mutant | -8/Materials Resources | -11 -10 -9 -8 ----------- Run | Scr Mat Mat Mat Matter Collected 1102 | 225 170 327 380 Remotely . | . . . . Salvage Created 1836 | . 366 474 996 Parts 117 | . 28 26 63 Haulers Intercepted 1 | . 1 . . Recyclers Shooed 1 | . . . 1 Parts Field Recycled . | . . . . Retrieved Matter . | . . . . Parts Self-Destructed . | . . . . Prevented . | . . . . Kills | -11 -10 -9 -8 ------- Run | Scr Mat Mat Mat Combat Hostiles Destroyed 32 | . 7 12 13 Melee 11 | . . 3 8 Guns 21 | . 7 9 5 Classes Destroyed 11 | . 5 . 6 Worker 11 | . 3 2 6 Builder 4 | . . . 4 Hauler 1 | . 1 . . Recycler 2 | . . . 2 Watcher 3 | . 2 . 1 Swarmer 3 | . 3 . . Grunt 23 | . 4 12 7 Brawler 2 | . . . 2 Duelist 1 | . . . 1 Sentry 2 | . . . 2 Hunter 1 | . . . 1 Best Kill Streak 9 | . 4 5 9 Combat Bots Only 5 | . 2 5 4 Max Kills in Single Turn 2 | . 1 2 1 Gunslinging . | . . . . Exploded . | . . . . Melee 1 | . . 1 1 Uniques/NPCs Destroyed . | . . . . Combat | -11 -10 -9 -8 -------- Run | Scr Mat Mat Mat Damage Taken 3271 | . 586 662 2023 Core 796 | . 121 123 552 Absorbed by Shields . | . . . . Core Remaining (%) 73 | 100 51 69 . Volleys Fired 115 | . 36 37 42 Largest 2 | . 2 2 2 Hottest 132 | . 80 43 132 Shots Fired 177 | . 47 65 65 Gun 177 | . 47 65 65 Cannon . | . . . . Launcher . | . . . . Special . | . . . . Kinetic 139 | . 20 65 54 Thermal 11 | . . . 11 Explosive . | . . . . Electromagnetic 27 | . 27 . . Robot Hit Streak 46 | . 26 46 27 Robot Miss Streak 3 | . 3 2 3 Penetration Max . | . . . . Secondary Targets . | . . . . Shots Hit Robots 187 | . 44 66 77 Core Hits 86 | . 19 27 40 Critical Hits 1 | . . . 1 Critical Kills . | . . . . Critical Parts Destroyed 1 | . . . 1 Melee Attacks 44 | . 7 7 30 Impact . | . . . . Slashing 44 | . 7 7 30 Piercing . | . . . . Sneak Attacks 13 | . 2 1 10 Combat Hostiles . | . . . . Follow-up Attacks . | . . . . Damage Inflicted 4373 | . 746 1032 2595 Guns 2141 | . 501 820 820 Cannons . | . . . . Explosions . | . . . . Melee 2200 | . 245 212 1743 Ramming 32 | . . . 32 Kinetic 1715 | . 234 820 661 Thermal 159 | . . . 159 Explosive . | . . . . Electromagnetic 267 | . 267 . . Impact . | . . . . Slashing 2200 | . 245 212 1743 Piercing . | . . . . Highest Corruption 1 | . 1 . . Average Corruption 1 | . 1 . . Corruption Purged . | . . . . Overload Shots . | . . . . Overflow Damage 237 | . 33 . 204 Projectiles . | . . . . Explosions . | . . . . Melee 237 | . 33 . 204 Knockbacks . | . . . . Impact . | . . . . Kinetic . | . . . . Secondary . | . . . . Self-Inflicted Damage 6 | . . . 6 Shots . | . . . . Rammed 3 | . . . 3 Targets Rammed 5 | . . . 5 Kicked 2 | . . . 2 Crushed . | . . . . Highest Temperature 184 | . 184 5 182 Average Temperature 71 | . 79 2 70 Received Heat Transfer 1989 | . 375 489 1125 Siege Activations . | . . . . Robots Corrupted . | . . . . Combat Hostiles . | . . . . Parts Fried 1 | . 1 . . Impact Corruptions . | . . . . Robots Melted . | . . . . Combat Hostiles . | . . . . Parts Melted . | . . . . Heat Transferred 333 | . . . 333 Parts Sabotaged . | . . . . Parts Stolen . | . . . . Parts Stripped . | . . . . Power Chain Reactions . | . . . . Missiles Intercepted . | . . . . Alert | -11 -10 -9 -8 ------- Run | Scr Mat Mat Mat Peak Influence 232 | . 142 232 162 Average Influence 53 | . 33 101 83 Maximum Alert Level 1 | . . 1 . Low Security (%) 95 | 100 100 79 100 Level 1 4 | . . 20 . Level 2 . | . . . . Level 3 . | . . . . Level 4 . | . . . . Level 5 . | . . . . High Security . | . . . . Max Security . | . . . . Squads Dispatched 3 | . . 2 1 Investigation 2 | . . 1 1 Extermination . | . . . . Reinforcement 1 | . . 1 . Assault . | . . . . Garrison . | . . . . Intercept . | . . . . Construction Impeded . | . . . . Haulers Reinforced . | . . . . Stealth | -11 -10 -9 -8 --------- Run | Scr Mat Mat Mat Distress Signals 3 | . . 1 2 Communications Jammed . | . . . . Distress Signals . | . . . . Times Spotted 70 | . 12 27 31 Peak Tracking Total 6 | . 4 6 6 Tactical Retreats 7 | . 2 . 5 Traps | -11 -10 -9 -8 ------- Run | Scr Mat Mat Mat Traps Triggered 3 | . 2 1 . Indirectly . | . . . . Trap Hack Attempts . | . . . . Triggered . | . . . . Disarmed . | . . . . Reprogrammed . | . . . . Reused . | . . . . Traps Extracted . | . . . . Installed . | . . . . Triggered . | . . . . Machines | -11 -10 -9 -8 ---------- Run | Scr Mat Mat Mat Machines Disabled . | . . . . Max in Single Turn . | . . . . Machines Sabotaged . | . . . . Garrisons Compromised . | . . . . Overloaded Fab Kills . | . . . . Fab Network Shutdowns . | . . . . Hacking | -11 -10 -9 -8 --------- Run | Scr Mat Mat Mat Machines Accessed 6 | . 3 1 2 Terminals 5 | . 3 . 2 Fabricators . | . . . . Repair Stations . | . . . . Recycling Units . | . . . . Scanalyzers 1 | . . 1 . Garrison Access . | . . . . Total Hacks 13 | . 5 2 6 Successful 11 | . 4 2 5 Failed 2 | . 1 . 1 Catastrophic . | . . . . Database Lockouts . | . . . . Manual . | . . . . Terminals 11 | . 5 . 6 Fabricators . | . . . . Repair Stations . | . . . . Recycling Units . | . . . . Scanalyzers 2 | . . 2 . Garrison Access . | . . . . Terminal Hacks 9 | . 4 . 5 Record 1 | . . . 1 Prototype ID Bank 3 | . 2 . 1 Alert Level 1 | . . . 1 Transport Status 1 | . 1 . . Hauler Manifests 1 | . . . 1 Registered Components 1 | . 1 . . Zone Layout 1 | . . . 1 Fabricator Hacks . | . . . . Repair Station Hacks . | . . . . Recycling Unit Hacks . | . . . . Scanalyzer 2 | . . 2 . Insert Component 1 | . . 1 . Analyze 1 | . . 1 . Garrison Access Hacks . | . . . . Unauthorized Hacks . | . . . . Terminals . | . . . . Fabricators . | . . . . Repair Stations . | . . . . Recycling Units . | . . . . Scanalyzers . | . . . . Garrison Access . | . . . . Data Cores Recovered . | . . . . Used . | . . . . Hacking Detections 4 | . 1 1 2 Full Trace Events 1 | . . . 1 Feedback Events . | . . . . Feedback Blocked . | . . . . Robot Schematics Acquired . | . . . . Robots Built . | . . . . Matter . | . . . . Time . | . . . . Total Robot Build Rating . | . . . . Part Schematics Acquired 1 | . . 1 . Parts Built . | . . . . Matter . | . . . . Time . | . . . . Total Part Build Rating . | . . . . Parts Repaired . | . . . . Time . | . . . . Parts Recycled . | . . . . Recycled Matter . | . . . . Retrieved Matter . | . . . . Retrieved Components . | . . . . Parts Scanalyzed 1 | . . 1 . Part Schematics Acquired 1 | . . 1 . Parts Damaged 1 | . . 1 . Bothacking | -11 -10 -9 -8 ------------ Run | Scr Mat Mat Mat Used RIF Installer . | . . . . Robots Hacked . | . . . . Non-combat . | . . . . Combat . | . . . . Robot Hacks Applied . | . . . . Relay Couplers Released . | . . . . Robots Rewired . | . . . . Allies Hacked . | . . . . Hacks Repelled . | . . . . Allies | -11 -10 -9 -8 -------- Run | Scr Mat Mat Mat Total Allies . | . . . . Largest Group . | . . . . Highest-Rated Group . | . . . . Highest-Rated Ally . | . . . . Total Orders . | . . . . Ally Attacks . | . . . . Total Damage . | . . . . Kills . | . . . . Allies Corrupted . | . . . . Allies Melted . | . . . . Intel | -11 -10 -9 -8 ------- Run | Scr Mat Mat Mat Robot Analysis Total . | . . . . Derelict Logs Recovered . | . . . . Drone Launches . | . . . . Drone Recoveries . | . . . . Exploration | -11 -10 -9 -8 ------------- Run | Scr Mat Mat Mat Turns Passed 3030 | 634 1003 731 662 Spaces Moved 1773 | 213 643 448 469 Core 10 | 5 . . 5 Treads . | . . . . Legs 1435 | 208 643 448 136 Wheels . | . . . . Hover 328 | . . . 328 Flight . | . . . . Fastest Speed 50 | 50 120 120 52 Average Speed 116 | 118 133 120 86 Slowest Speed 450 | 120 150 120 450 Overloaded Moves . | . . . . Propulsion Burnouts . | . . . . Robots Hopped . | . . . . Cave-ins Triggered . | . . . . Exploration Rate (%) 29 | 17 68 19 14 Regions Visited 3 Branch Regions . Pre-discovered Areas . | . . . . Known Exits Taken . | . . . . Unknown Exits Taken 3 | 1 1 1 . Scrap Searched . | . . . . Spaces Dug . | . . . . Terrain Destroyed . | . . . . Melee . | . . . . Projectile . | . . . . AOE . | . . . . Actions | -11 -10 -9 -8 --------- Run | Scr Mat Mat Mat Total 2490 | 595 727 562 606 Wait 425 | 367 20 35 3 Move 1770 | 212 642 447 469 Hop . | . . . . Pick Up 56 | 8 9 13 26 Fast Attach . | . . . . Attach 41 | 6 9 6 20 Detach 3 | . 1 1 1 Swap 18 | 1 . 9 8 Drop 13 | 1 3 7 2 Fire 115 | . 36 37 42 Melee 44 | . 7 7 30 Ram 1 | . . . 1 Kick 4 | . . . 4 Crush . | . . . . Escape Stasis . | . . . . Rewire . | . . . . Trap . | . . . . Miscellaneous . | . . . . Route ------- -11/Scrapyard -10/Materials (discovered 3 exits: *Mat x2 / [*Min]) -9/Materials -8/Materials History --------- Turn | Location | Event 7 | -11/Scrapyard | Discovered new exit (range 15) 635 | -11/Scrapyard | Entered Materials 636 | -10/Materials | Build established: Mutant 760 | -10/Materials | Discovered new exit (range 7) 925 | -10/Materials | Discovered new exit (range 12) 1111 | -10/Materials | Discovered new exit (range 10) 1199 | -10/Materials | Lost 4 parts (1p1u2w) 1638 | -10/Materials | Entered another Materials area 1638 | -9/Materials | Evolved 2 slots: Propulsion x1, Utility x1 2079 | -9/Materials | Build established: Scavenger-Mutant 2342 | -9/Materials | Discovered new exit (range 10) 2369 | -9/Materials | Entered another Materials area 2369 | -8/Materials | Evolved 2 slots: Power x1, Utility x1 2533 | -8/Materials | Lost 7 parts (1p3n1u2w) 2667 | -8/Materials | Core integrity fell below 50% 2671 | -8/Materials | Lost 5 parts (1p4w) 2715 | -8/Materials | Lost 3 parts (1p2n) 2964 | -8/Materials | Build established: Mutant 3017 | -8/Materials | Core integrity fell below 20% 3031 | -8/Materials | Destroyed by G-47 Trooper with Particle Gun Last Messages --------------- U-05 Engineer builds a Wall. L-31 Rogue destroyed. U-05 Engineer lays Concrete. Acquired Melee Analysis Suite. R-06 Scavenger collects Imp. Ion Engine. Lgt. Ion Engine destroyed. R-06 Scavenger collects Imp. Aluminum Leg. The unstable cave ceiling collapses. Lgt. Ion Engine destroyed. The unstable cave ceiling collapses. Imp. Sensor Array crushed. Destroyed Lgt. Nuclear Core. R-06 Scavenger collects Wheel. U-05 Engineer lays Concrete. G-47 Trooper destroyed. U-05 Engineer lays Concrete. R-06 Scavenger collects Wheel. U-05 Engineer lays Concrete. Gravmag System destroyed. U-05 Engineer lays Concrete. Map ----- +----------------------------------------------------+ | ?????????????????????????????????????????????????? | | ?????????????????????????????????????????????????? | | ?????????????????????????????????????????????????? | | ?????????????????????????????????????????????????? | | ?????????????????????????????????????????????????? | | ?????????????????????????????????????????????????? | | ?????????????????????????????????????????????????? | | ?????????????????????????????????????????????????? | | ?????????????????????????????????????????????????? | | ??????????????????????? #??????????????????????? | | ??????????????????????# ?????????????????a????? | | ??????????????????????# k ??????????????????????? | | ??????????????????????#k ??????????????????????? | | ??????????????????????#w Y#??????????????????????? | | ??????????????????????# #??????????????????????? | | ??????????????????????# #??????????????????????? | | ??????????????????????# #??????????????????????? | | ??????????????????????# #??????????????????????? | | ??????????????????????# u #??????????????????????? | | ??????????????????????# #?????????????###??????? | | ??????????????????????# #??????########=##?????? | | ??????????????????????# #?????## [=%! #?????? | | ??????????############# gr#???### [! #?????? | | ????????? Y ##### #?????? | | ????????? [% =%/ % #?????? | | ????????? @ u #?????? | | ????????????########### """ #?????? | | ??????????????????????######### # """ #?????? | | ?????????????????????????????# =# """ #?????? | | ?????????????????????????????##%## ## ###?????? | | ??????????????????????????????#=# ###???????? | | ???????????????########???????#%#% # #?????????? | | ???????????????# #???????#!########?????????? | | ????????????#??# #???????#!#????????????????? | | ????????????#??# #???????#!#????????????????? | | ????????????#??# #???????#+#########????????? | | ????????????#??# #???????# #????????? | | ????????????#??# #?####### #????????? | | ????????????#??#####+##?# # [ ########## | | ????????????#?????# ### a!#* =% ## | | ????????????#?????# T T*!+ %!!! ## """ """ | | ????????????#?????# ### !#= =!! ## """ """ | | ????????????#?????## ##?#== # !! ## """ """ | | ????????????##????##+#####%! ## * ## | | ???????? ###### #! #########+### ] / | | ??????????? / !! # #???????# #?# | | ????????????####### / + %#???????# #?# | | ????????????# # # =#???????#!#?########+ | | ????????????# """ # "T" # %######### ######## | | ????????????# """ # # [ !! ! ! | +----------------------------------------------------+ Best States ------------- Heat Dissipation 31 Energy Generation 27 Energy Capacity 250 Matter Stores 350 Matter Capacity 350 Sight Range 16 Robot Scan Range 16 Terrain Scan Density 10 ECM Strength 1 Armor Coverage 150 Resistance: KI 20 Resistance: TH 20 Resistance: EX 20 Resistance: EM 20 Resistance: I 20 Resistance: S 20 Resistance: P 20 Utility Shielding 66 Evasion (%) 54 Offensive Hacking 10 Item Schematics ----------------- Lgt. Nuclear Core | -9/Materials | Scanalyzed Robot Schematics ------------------ None Fabricated ------------ Nothing Alien Tech Used ----------------- None Achievements -------------- None Challenges ------------ None Game ------ Seed PotentialPulseSuite Manual? 0 Play Time 00:35:59 Cumulative 3.8 hours Start 2019.12.27 @ 23:35:39 End 2019.12.28 @ 00:26:46 Sessions 1 Manual Loads 0 Difficulty Adventurer Special Mode None Game No. 5 Rogue 0 Adventurer 5 Explorer 0 Win Type - Total 0 Types 0/0/0/0/0/0/0 Lore% 5 Gallery% 6 Achievement% 5 Wizard Run 0 Options --------- ASCII 0 Keyboard 0 Movement Arrows Keybinds 0 Fullscreen 1 Font 16/Terminus Map View 76x50 Tactical HUD 0 Map Filters NONE Filters NONE Steam 1 RUN: d74570bf-3ad8-4e66-8791-cc40d79f508c